 Dungeon Crawl Stone Soup version 0.21.1-1-g345015fe64 (webtiles) character file.

132 Revguard the Slasher (level 4, -2/51 HPs)
             Began as a Demonspawn Gladiator on June 13, 2018.
             Slain by an orc priest
             ... wielding a +2 morningstar of protection
              (6 damage)
             ... on level 3 of the Dungeon.
             The game lasted 00:07:45 (3088 turns).

Revguard the Slasher (Demonspawn Gladiator)         Turns: 3088, Time: 00:07:45

Health: -2/51      AC: 22    Str: 15    XL:     4   Next: 92%
Magic:  4/4        EV:  2    Int:  9    God:
Gold:   155        SH:  0    Dex: 15    Spells: 3/3 levels left

rFire    . . .     SeeInvis .   a - +0 long sword
rCold    + . .     Gourm    .   (no shield)
rNeg     + + +     Faith    .   (armour currently unavailable)
rPois    +         Spirit   .   (helmet currently unavailable)
rElec    .         Reflect  .   (cloak currently unavailable)
rCorr    .         Harm     .   (gloves currently unavailable)
MR       .....     NoTele   +   (boots currently unavailable)
Stlth    +++.......             (no amulet)
HPRegen  0.17/turn              e - ring of protection from cold
MPRegen  0.09/turn              (no ring)

@: tree-form
A: nightstalker 1
a: no special abilities


You were on level 3 of the Dungeon.
You were not hungry.
You were a tree.
You visited 1 branch of the dungeon, and saw 3 of its levels.

You collected 155 gold pieces.

Inventory:

Hand Weapons
 a - a +0 long sword (weapon)
Missiles
 d - 3 throwing nets (quivered)
Armour
 b - a +0 leather armour (melded)
 c - a +0 helmet (melded)
 g - a cursed -1 pair of boots (melded)
Jewellery
 e - a ring of protection from cold (left branch)
 k - an uncursed ring of ice {unknown}
Scrolls
 j - 2 scrolls of magic mapping
 l - a scroll of teleportation {unknown}
 n - a scroll of immolation {unknown}
 p - a scroll of identify {unknown}
Potions
 h - 2 potions of haste
Comestibles
 f - 3 rations


   Skills:
 + Level 2.4 Fighting
 + Level 3.5 Long Blades
 - Level 1.7 Throwing
 * Level 2.2 Armour
 + Level 3.2 Dodging
 * Level 1.2 Stealth


You had 3 spell levels left.
You didn't know any spells.

Dungeon Overview and Level Annotations

Branches:
Dungeon (3/15)

Altars:
Qazlal
Wu Jian


Innate Abilities, Weirdness & Mutations

((You have large cloven feet.))
You are slightly more attuned to the shadows.


Message History

You barely miss the orc priest.
The orc priest calls down the wrath of Beogh upon you.
Beogh smites you!
* * * LOW HITPOINT WARNING * * *
You hit the orc priest.
The orc priest is moderately wounded.
The orc priest hits you with a morningstar of protection.
* * * LOW HITPOINT WARNING * * *
The orc priest hits you but does no damage.
You hit the orc priest but do no damage.
The orc priest is moderately wounded.
The orc priest hits you with a morningstar of protection.
* * * LOW HITPOINT WARNING * * *
You hit the orc priest but do no damage.
The orc priest is moderately wounded.
The orc priest hits you but does no damage. x2
You hit the orc priest.
The orc priest is severely wounded.
The orc priest hits you with a morningstar of protection.
You die...

#.......##o###.......#
#...)...##.# ###o#####
#.......##.# #)#
##.....###o# #'##
####...####># #...#
#.....†.....# #.....
#.........####......
####.........###.......
...............o♣......
####.....>...###.......
# #.........# ##......
# #.........# #).... #
#.........# #...# #
#.........# #'## #
####.#### .# # #


You could see an orc priest.

Vanquished Creatures
  A bullfrog skeleton (D:2)
  3 adders (D:2)
  A worm (D:3)
  A dart slug (D:2)
  A leopard gecko (D:2)
  2 orcs (D:3)
  3 bats
  5 giant cockroaches
  9 goblins
  11 hobgoblins
  6 jackals (D:2)
  A quokka (D:3)
  A ball python (D:1)
  2 frilled lizards
  9 kobolds
  5 rats
61 creatures vanquished.

Notes
Turn   | Place    | Note
-------+----------+-------------------------------------------
     0 | D:1      | Revguard the Demonspawn Gladiator began the quest for the Orb.
     0 | D:1      | Reached XP level 1. HP: 16/16 MP: 1/1
   405 | D:1      | Gained mutation: You are slightly more attuned to the shadows. [demonic ancestry]
   405 | D:1      | Reached XP level 2. HP: 22/22 MP: 2/2
   778 | D:2      | Reached skill level 1 in Armour
  1217 | D:2      | Reached XP level 3. HP: 18/28 MP: 3/3
  1803 | D:2      | Gained mutation: You have large cloven feet. [demonic ancestry]
  1803 | D:2      | Reached XP level 4. HP: 27/34 MP: 4/4
  2008 | D:2      | Reached skill level 1 in Stealth
  2437 | D:2      | Found a stormy altar of Qazlal.
  2588 | D:3      | Found an ornate altar of the Wu Jian Council.
  3088 | D:3      | Slain by an orc priest

Skill      XL: |  1  2  3  4 |
---------------+-------------+-----
Armour         | 1 2 |  2.2
Long Blades    | 3 |  3.5
Dodging        | 3 |  3.2
Stealth        | 1 |  1.2
Fighting       | |  2.4
Throwing       | |  1.7

Action                   |  1- 3 |  4- 6 || total
-------------------------+-------+-------++-------
Melee: Long sword        |    83 |   105 ||   188
  Use: Scroll            |     2 |       ||     2
       Potion            |     1 |     4 ||     5
 Stab: Sleeping          |     1 |     6 ||     7
       Distracted        |       |     1 ||     1
  Eat: Ration            |     1 |     1 ||     2
Armor: Leather armour    |    23 |    14 ||    37
       Skin              |     1 |    45 ||    46
Dodge: Dodged            |    65 |    44 ||   109
       Rpst.: Long sword |    16 |    18 ||    34
